AoeStats
← Mr.Godo

Arena

510311084Analyzed
4v4 RM · 2d ago on Sep 30, 2026· 74m 14s· 8 players
Game mode
Random Map
Map size
Large (8 player)
Population
200
Speed
Normal
Resources
Standard
Victory
Conquest
Starting age
Dark Age
Ending age
Imperial Age
RankedLock teamsTeams togetherTeam positionsShared explorationLock speedFull tech treeHidden civsTurbo modeCheats
Victory
Defeat
🇰🇷 Spanish · South Korea
1282
+13
🇰🇷 Britons · South Korea
1186
+17
🇰🇷 Vikings · South Korea
1160
+18
🇰🇷 Persians · South Korea
1062
+23
🇻🇳 Saxons · Vietnam
1218
-17
🇻🇳 Malians · Vietnam
1218
-18
🇨🇳 Armenians · China
1214
-18
🇦🇷 Franks · Argentina
1210
-18
KZA
11:22 Feudal Age
10:10 Loom
12:39 Double-Bit Axe
15:01 Castle Age
17:40 Bow Saw
28:55 Imperial Age
27:49 Wheelbarrow
28:34 Husbandry
28:56 Cavalier
30:17 Paladin
31:05 Scale Barding Armor
31:10 Forging
32:26 Ballistics
33:54 Chain Barding Armor
34:09 Iron Casting
33:54 Chain Barding Armor
34:09 Iron Casting
34:01 Murder Holes
35:07 Chemistry
35:14 Fletching
36:07 Plate Barding Armor
40:10 Light Cavalry
48:48 Pikeman
60:49 Squires
60:52 Scale Mail Armor
61:55 Blast Furnace
60:28 Halberdier
62:55 Gambesons
63:29 Caravan
69:23 Chain Mail Armor
lxc
10:56 Feudal Age
14:48 Castle Age
12:51 Double-Bit Axe
16:54 Wheelbarrow
19:07 Loom
20:52 Bow Saw
22:06 Town Watch
24:17 Gold Mining
26:17 Hand Cart
29:14 Imperial Age
26:26 Man-at-Arms
26:51 Gambesons
27:22 Gambesons
27:47 Long Swordsman
28:31 Squires
28:16 Arson
28:35 Scale Mail Armor
28:45 Forging
29:08 Treadmill Crane
29:39 Masonry
29:42 Fortified Wall
28:57 Two-Handed Swordsman
30:22 Gold Shaft Mining
29:37 Stone Mining
30:12 Chain Mail Armor
30:27 Champion
32:28 Iron Casting
32:31 Horse Collar
33:29 Plate Mail Armor
34:41 Fereters
35:59 Conscription
37:52 Blast Furnace
39:36 Capped Ram
45:07 Pikeman
46:23 Halberdier
47:56 Halberdier
52:43 Siege Ram
53:04 Onager
Valodimer
7:08 Loom
9:07 Feudal Age
10:22 Double-Bit Axe
18:06 Castle Age
17:55 Horse Collar
19:40 Bow Saw
21:48 Fletching
26:44 Wheelbarrow
26:12 Heavy Plow
27:26 Crossbowman
28:52 Gold Mining
30:22 Ballistics
32:00 Hand Cart
31:54 Bodkin Arrow
36:26 Imperial Age
34:38 Guard Tower
34:29 Treadmill Crane
34:45 Murder Holes
34:43 Stone Mining
35:29 Gold Shaft Mining
38:12 Chemistry
36:58 Arrowslits
37:49 Keep
37:26 Bracer
37:37 Forging
37:27 Scale Mail Armor
37:13 Pikeman
39:41 Two-Man Saw
38:09 Halberdier
40:08 Iron Casting
40:03 Squires
41:01 Chain Mail Armor
41:16 Town Watch
42:03 Crop Rotation
42:03 Conscription
42:31 Shield Wall
46:23 Masonry
46:19 Siege Engineers
47:44 Architecture
47:38 Arson
48:24 Plate Mail Armor
60:40 Elite Skirmisher
61:43 Padded Archer Armor
63:28 Leather Archer Armor
65:38 Ring Archer Armor
67:13 Thumb Ring
71:33 Guilds
Lucky_Bois_VN
9:56 Feudal Age
12:29 Loom
15:20 Castle Age
13:33 Double-Bit Axe
14:11 Horse Collar
14:32 Stone Mining
16:12 Bow Saw
31:25 Wheelbarrow
31:33 Heavy Plow
32:28 Pikeman
33:09 Squires
35:51 Imperial Age
33:45 Squires
34:40 Hand Cart
34:24 Gold Mining
34:22 Pikeman
35:16 Scale Mail Armor
35:26 Forging
35:37 Fletching
36:50 Chain Mail Armor
37:24 Iron Casting
38:09 Crop Rotation
38:41 Gold Shaft Mining
39:36 Plate Mail Armor
39:01 Town Watch
39:32 Man-at-Arms
40:12 Bodkin Arrow
40:49 Conscription
42:25 Chemistry
41:39 Town Patrol
41:43 Murder Holes
42:03 Long Swordsman
42:46 Two-Handed Swordsman
43:33 Champion
45:42 Guilds
46:03 Coinage
47:26 Padded Archer Armor
48:13 Tigui
48:40 Ballistics
48:01 Treadmill Crane
48:32 Masonry
48:57 Banking
50:26 Leather Archer Armor
51:57 Ring Archer Armor
52:58 Hoardings
57:01 Architecture
56:43 Fortified Wall
60:53 Elite Skirmisher
64:18 Thumb Ring
65:27 Thumb Ring
70:27 Scale Barding Armor
71:20 Stone Shaft Mining
72:12 Husbandry
Mr.Godo
10:19 Feudal Age
14:47 Castle Age
14:07 Double-Bit Axe
16:14 Loom
18:25 Horse Collar
34:49 Treadmill Crane
35:47 Gold Mining
35:47 Stone Mining
36:11 Bow Saw
36:05 Heavy Plow
37:55 Ballistics
40:30 Imperial Age
40:54 Chieftains
41:48 Squires
41:37 Elite Varangian Guard
42:55 Scale Mail Armor
43:06 Forging
43:07 Arson
42:53 Pikeman
44:37 Conscription
45:23 Chain Mail Armor
45:43 Iron Casting
47:54 Two-Man Saw
48:26 Siege Engineers
51:00 Caravan
55:40 Plate Mail Armor
56:11 Blast Furnace
56:48 Fletching
56:59 Padded Archer Armor
57:15 Elite Skirmisher
59:28 Bodkin Arrow
60:57 Capped Ram
62:08 Siege Ram
66:48 Heavy Scorpion
Alpenhime
10:35 Feudal Age
16:20 Castle Age
14:11 Double-Bit Axe
15:12 Horse Collar
17:10 Man-at-Arms
20:13 Fletching
22:36 Heavy Plow
24:12 Bow Saw
24:27 Padded Archer Armor
24:51 Stone Mining
24:55 Gold Mining
25:31 Bodkin Arrow
25:35 Loom
25:39 Crossbowman
26:12 Town Watch
27:00 Scale Mail Armor
28:16 Gold Shaft Mining
29:34 Wheelbarrow
29:27 Pikeman
32:17 Ballistics
34:51 Imperial Age
33:04 Fortified Wall
32:35 Treadmill Crane
34:40 Squires
34:25 Gambesons
36:36 Two-Man Saw
36:03 Yeomen
36:46 Conscription
36:43 Bracer
36:51 Arbalester
37:49 Leather Archer Armor
37:25 Elite Skirmisher
39:39 Chemistry
39:47 Ring Archer Armor
39:32 Chain Mail Armor
40:40 Caravan
41:10 Coinage
41:57 Masonry
42:33 Banking
43:44 Guilds
43:10 Halberdier
47:11 Forging
47:07 Scale Barding Armor
48:14 Plate Mail Armor
47:20 Light Cavalry
48:00 Husbandry
48:16 Guard Tower
48:57 Architecture
48:14 Heavy Scorpion
50:18 Keep
49:30 Arrowslits
51:20 Siege Engineers
55:29 Iron Casting
55:09 Murder Holes
58:28 Arson
61:06 Long Swordsman
61:44 Two-Handed Swordsman
63:28 Blast Furnace
62:49 Chain Barding Armor
63:19 Champion
66:35 Capped Ram
66:41 Capped Ram
68:43 Warwolf
Sophie_J
10:29 Feudal Age
14:18 Castle Age
13:14 Double-Bit Axe
13:21 Horse Collar
15:32 Loom
23:58 Wheelbarrow
24:09 Gold Mining
25:33 Hand Cart
27:17 Gold Shaft Mining
30:13 Imperial Age
28:13 Heavy Plow
29:23 Scale Barding Armor
29:18 Scale Mail Armor
29:29 Forging
29:06 Town Watch
29:27 Pikeman
30:07 Squires
30:06 Arson
30:19 Murder Holes
30:46 Chain Barding Armor
31:11 Guilds
30:26 Halberdier
31:17 Husbandry
31:53 Bloodlines
31:04 Light Cavalry
31:05 Cavalier
34:03 Plate Barding Armor
33:44 Chain Mail Armor
33:39 Forging
33:54 Conscription
32:55 Elite War Elephant
33:32 Savar
34:36 Bow Saw
39:55 Hoardings
40:18 Capped Ram
41:11 Masonry
41:45 Iron Casting
41:40 Plate Mail Armor
41:21 Onager
41:22 Siege Ram
41:34 Hussar
43:56 Architecture
44:27 Blast Furnace
44:10 Crop Rotation
45:17 Two-Man Saw
45:59 Padded Archer Armor
45:49 Fletching
46:02 Kamandaran
47:56 Citadels
49:18 Leather Archer Armor
48:58 Bodkin Arrow
49:12 Thumb Ring
48:55 Crossbowman
57:35 Caravan
63:11 Ring Archer Armor
62:36 Bodkin Arrow
iTunes
10:24 Feudal Age
14:24 Castle Age
12:28 Double-Bit Axe
12:43 Horse Collar
16:50 Bow Saw
16:59 Loom
23:14 Wheelbarrow
27:41 Imperial Age
26:25 Scale Barding Armor
26:46 Hand Cart
26:57 Forging
27:26 Bloodlines
27:17 Husbandry
28:21 Chain Barding Armor
27:45 Cavalier
28:43 Gold Mining
30:08 Chemistry
29:15 Heavy Plow
29:49 Conscription
29:51 Town Watch
31:05 Paladin
32:30 Plate Barding Armor
32:46 Iron Casting
33:29 Two-Man Saw
34:22 Caravan
34:22 Light Cavalry
36:03 Blast Furnace
37:03 Bombard Tower
36:56 Pikeman
38:27 Fletching
38:37 Padded Archer Armor
38:38 Scale Mail Armor
39:59 Halberdier
40:57 Leather Archer Armor
40:37 Bodkin Arrow
40:58 Chain Mail Armor
43:46 Masonry
43:33 Murder Holes
46:51 Ring Archer Armor
46:21 Bracer
46:53 Plate Mail Armor
46:25 Hussar
49:52 Coinage
52:58 Architecture
52:39 Fortified Wall
55:25 Capped Ram
59:48 Siege Ram
62:16 Guilds
67:21 Man-at-Arms
68:02 Squires
67:47 Arson
67:48 Gambesons
68:20 Long Swordsman
69:17 Two-Handed Swordsman
70:08 Champion
Connection lost

Rejoining the realm…

Still unreachable

The connection could not be restored.

Session expired

The server has moved on; the page needs a fresh start.